 Dungeon Crawl Stone Soup version 0.31-a0-237-g2d982f9f85 (webtiles) character file.

Game seed: 13102818825518272172

61 qw the Shooter (level 3, -3/29 HPs)
             Began as a Minotaur Hexslinger on July 11, 2023.
             Slain by a gnoll
             ... wielding a +0 halberd
              (10 damage)
             ... on level 2 of the Dungeon.
             The game lasted 00:00:28 (1260 turns).

qw the Shooter (Minotaur Hexslinger)                Turns: 1260, Time: 00:00:28

Health: -3/29      AC:  6    Str: 12    XL:     3   Next: 83%
Magic:  3/3        EV: 11    Int: 10    God:
Gold:   0          SH:  0    Dex: 14    Spells: 3/4 levels left

rFire   . . .        Y - +1 sling
rCold   . . .        (no shield)
rNeg    . . .        g - +0 ring mail
rPois   .            (helmet restricted)
rElec   .            (no cloak)
rCorr   .            h - +0 pair of gloves
SInv    .            (no boots)
Will    .....        (no amulet)
Stlth   +            (no ring)
HPRegen 0.24/turn    (no ring)
MPRegen 0.08/turn

%: no passive effects
@: no status effects
A: horns 2, retaliatory headbutt
a: no special abilities


You were on level 2 of the Dungeon.
You visited 1 branch of the dungeon, and saw 2 of its levels.


Innate Abilities, Weirdness & Mutations

You have a pair of horns on your head.
You reflexively headbutt those who attack you in melee.


   Skills:
 - Level 2.0 Fighting
 + Level 4.1 Ranged Weapons
 - Level 1.1 Armour
 - Level 2.1 Dodging
 - Level 1.0 Spellcasting
 - Level 2.0 Hexes


You had 3 spell levels left.
You knew the following spells:

 Your Spells              Type           Power      Damage    Failure   Level
a - Slow                  Hex            16%        N/A       34%         1

Your spell library contained the following spells:

 Spells                   Type           Power      Damage    Failure   Level
 Inner Flame              Hex/Fire       2%         N/A       83%         3
 Portal Projectile        Hex/Tloc       4%         N/A       83%         3
 Cause Fear               Hex            2%         N/A       98%         4

Inventory:

Hand Weapons
 Y - a +1 sling (weapon)
Armour
 g - a +0 ring mail (worn)
 h - a +0 pair of gloves (worn)
Scrolls
 i - 2 scrolls of identify
Potions
 d - a potion of resistance {unknown}
 e - a potion of curing {unknown}
 j - a potion of cancellation {unknown}
 m - a potion of ambrosia {unknown}
 n - a potion of heal wounds {unknown}

Dungeon Overview and Level Annotations

Branches:
Dungeon (2/15)

Altars:
Trog

Shops:
D:1 =   D:2 (


Message History

You kill the adder!
You feel sick. The bat closely misses you. You furiously retaliate!
You headbutt the bat. The bat barely misses you. The gnoll closely misses you.
The frilled lizard barely misses you. The adder bites you but does no damage.
Your Armour skill increases to level 1!
You shoot a sling bullet. The sling bullet barely misses the bat.
You feel sick. The bat barely misses you.
The adder bites you but does no damage.
The frilled lizard bites you but does no damage.
The gnoll hits you from afar with a +0 halberd.
The adder barely misses you. The gnoll misses you.
The frilled lizard bites you.
You shoot a sling bullet. The sling bullet barely misses the bat.
You feel sick.
You are no longer poisoned.
The bat hits you but does no damage. The adder bites you but does no damage.
The bat completely misses you. The gnoll barely misses you.
The frilled lizard closely misses you. The adder closely misses you.
You shoot a sling bullet. The sling bullet hits the bat.
The bat is severely wounded.
The bat closely misses you. The adder bites you but does no damage.
The frilled lizard bites you but does no damage.
The gnoll misses you.
You shoot a sling bullet. The sling bullet misses the adder.
The bat hits you but does no damage. The adder bites you but does no damage.
The frilled lizard barely misses you. The gnoll barely misses you.
The adder bites you but does no damage. The gnoll closely misses you.
The frilled lizard bites you.
You shoot a sling bullet.
The sling bullet closely misses the bat.
The bat misses you. The adder bites you but does no damage.
The gnoll barely misses you. The frilled lizard misses you.
You furiously retaliate!
You headbutt the frilled lizard.
You kill the frilled lizard!
The adder closely misses you. You furiously retaliate!
You headbutt the adder. The bat hits you but does no damage.
You shoot a sling bullet. The sling bullet hits the adder.
You kill the adder!
The bat hits you.
The gnoll hits you from afar with a +0 halberd!
You die...

~~~.~~~~~.~~~~~.##.. ~.
#~.~###~.~###~.#### ~.~
#~.~# #~.~# ~.#
~.~###~.~###~.~###~..#
~.~~~~~.~~~~~.~~~~~..###
................%.......
~.~~~~~.~~~~~.~~~~~.. ..
~.~###~.~###~.~###~.# ..
~. #~@~# #~.~# ~.# ## ~
#~l~# #~.~# .#
~~~g~b~~~.~~~
....gg./........
~.~~~~~.~~~~~.~~~~
~.~###~.~###~.~ ### ~.~
#~.~# ~.~ ... ~. #~.~#
.~ .## #


You could see 3 gnolls, a bat and a frilled lizard.

Vanquished Creatures
  3 adders (D:2)
  2 worms (D:2)
  5 endoplasms
  2 giant cockroaches (D:1)
  4 goblins (D:1)
  5 hobgoblins
  2 jackals (D:2)
  A quokka (D:1)
  3 ball pythons
  A bat (D:2)
  3 frilled lizards (D:2)
  4 rats
35 creatures vanquished.

Notes
Turn   | Place    | Note
-------+----------+-------------------------------------------
     0 | D:1      | qw the Minotaur Hexslinger began the quest for the Orb.
     0 | D:1      | Reached XP level 1. HP: 16/16 MP: 1/1
     0 | D:1      | 0 ||| qw: Version: 0.3-a-52-g30416fa
     0 | D:1      | 0 ||| qw: Game counter: 5873
     0 | D:1      | 0 ||| qw: Melee chars always use a shield: true
     0 | D:1      | 0 ||| qw: God list: Okawaru
     0 | D:1      | 0 ||| qw: Allow faded altars: false
     0 | D:1      | 0 ||| qw: Do Orc after clearing Dungeon:15 true
     0 | D:1      | 0 ||| qw: Do second Lair branch before Depths: true
     0 | D:1      | 0 ||| qw: Lair rune preference: random
     0 | D:1      | 0 ||| qw: Goals: Normal
     0 | D:1      | 0 ||| PLANNING D:1-11
   343 | D:1      | Reached skill level 3 in Ranged Weapons
   345 | D:1      | Reached XP level 2. HP: 23/23 MP: 2/2
   478 | D:1      | Found Delaxt's Jewellery Shop.
   487 | D:1      | 487 ||| SHOPLISTING amulet of reflection (300 gold, have
                  | 0).
   487 | D:1      | 487 ||| SHOPLISTING ring "Jeuf Gea" {Wiz rC- MP+9 Str-5
                  | Dex+10} (594 gold, have 0).
   487 | D:1      | 487 ||| SHOPLISTING ring of ice (250 gold, have 0).
   487 | D:1      | 487 ||| SHOPLISTING ring of poison resistance (200 gold,
                  | have 0).
   487 | D:1      | 487 ||| SHOPLISTING ring of protection from cold (250 gold,
                  | have 0).
   953 | D:1      | 953 ||| UPGRADING to +0 ring mail.
   963 | D:1      | 963 ||| DROPPING +0 robe.
   964 | D:1      | 964 ||| UPGRADING to +0 pair of gloves.
   969 | D:1      | 969 ||| READING scroll labelled YWKOOHY JEBOMU.
  1015 | D:1      | 1015 ||| READING 2 scrolls labelled SAFAOG TIRABOS.
  1016 | D:1      | 1016 ||| READING scroll labelled KYLIER COHOOV.
  1020 | D:1      | 1020 ||| READING scroll labelled JEASAT GINE.
  1021 | D:1      | 1021 ||| DROPPING scroll of poison.
  1048 | D:2      | Found a bloodstained altar of Trog.
  1083 | D:2      | Reached XP level 3. HP: 29/29 MP: 3/3
  1173 | D:2      | Found Geph's Weapon Shoppe.
  1199 | D:2      | 1199 ||| SHOPLISTING +0 orcbow (42 gold, have 0).
  1199 | D:2      | 1199 ||| SHOPLISTING +2 sling of Zamuzxel {drain, rElec
                  | Will- Int+7 Stlth-} (429 gold, have 0).
  1227 | D:2      | Reached skill level 4 in Ranged Weapons
  1255 | D:2      | Reached skill level 1 in Armour
  1258 | D:2      | HP: 7/29 [frilled lizard (2)]
  1260 | D:2      | Slain by a gnoll

Levels and vault maps discovered:
D:1:      dpeg_arrival_castle, layout_basic, serial_shops, shop
D:2:      layout_loops_cross, hellmonk_ecumenical_altar_pennies_from_heaven,
          serial_shops, nicolae_diamond_shop, basic_altar, kennysheep_boxes

Skill      XL: |  1  2  3 |
---------------+----------+-----
Ranged Weapons | 3 4 |  4.1
Fighting       | 2 |  2.0
Armour         | 1 |  1.1
Dodging        | |  2.1
Spellcasting   | |  1.0
Hexes          | |  2.0

Action                     || total
---------------------------++-------
   Fire: Sling             ||    96
    Use: Scroll            ||     4
 Armour: Robe              ||     1
         Ring mail         ||    19
  Dodge: Dodged            ||    46

Table legend:
 A = Non-vault XP
 B = Vault XP
 C = Vault XP percentage of total XP
 D = Non-vault monster count
 E = Vault monster count
 F = Vault count percentage of total count
                 A         B        C        D         E       F
            +---------+---------+-------+---------+---------+-------
      Total |     101 |       0 |   0.0 |      35 |       0 |   0.0
            +---------+---------+-------+---------+---------+-------
        D:1 |      28 |       0 |   0.0 |      16 |       0 |   0.0
        D:2 |      73 |       0 |   0.0 |      19 |       0 |   0.0
            +---------+---------+-------+---------+---------+-------
